 Dungeon Crawl Stone Soup version 0.29.1-1-gd02db6906a (webtiles) character file.

Game seed: 16384136428074625280

1083 theswoord the Skirmisher (level 8, -3/56 HPs)
             Began as a Demonspawn Hunter on Oct 3, 2022.
             Was a Follower of Okawaru.
             Slain by a wraith (12 damage)
             ... in an ossuary.
             The game lasted 00:13:34 (4393 turns).

theswoord the Skirmisher (Demonspawn Hunter)        Turns: 4393, Time: 00:13:34

Health: -3/56      AC:  5    Str: 14    XL:     8   Next: 8%
Magic:  10/10      EV: 11    Int: 11    God:    Okawaru [*.....]
Gold:   208        SH:  0    Dex: 16    Spells: 7/7 levels left

rFire   . . .      SeeInvis .   o - +1 sling (flame)
rCold   . . .      Faith    .   (no shield)
rNeg    . . .      Spirit   .   v - +0 ring mail
rPois   .          Reflect  .   (no helmet)
rElec   .          Harm     .   (no cloak)
rCorr   .          Rampage  .   (no gloves)
Will    .....                   (boots unavailable)
Stlth   +.........              (no amulet)
HPRegen 0.18/turn               (no ring)
MPRegen 0.24/turn               (no ring)

@: slowed, silenced, very slow
A: hooves 3, ignite blood 1, magic regeneration
a: Renounce Religion


You were in an ossuary.
You worshipped Okawaru.
Okawaru was aware of your devotion.
You visited 1 branch of the dungeon, and saw 5 of its levels.
You also visited: Ossuary.

You collected 208 gold pieces.

Inventory:

Hand Weapons
 a - a +0 shortbow
 g - a +2 dagger of draining
 o - a +1 sling of flaming (weapon)
Armour
 c - a +1 leather armour
 v - a +0 ring mail (worn)
Jewellery
 d - an amulet of regeneration
Wands
 u - a wand of flame (30)
Scrolls
 b - 2 scrolls of immolation
 i - 2 scrolls of poison
 l - 2 scrolls of fog
 m - a scroll of enchant armour
Potions
 e - 2 potions of ambrosia
 f - 2 potions of brilliance
 j - a potion of resistance {unknown}
 p - 2 potions of degeneration
 q - 2 potions of flight {unknown}
 r - 2 potions of cancellation {unknown}
 s - a potion of heal wounds {unknown}
 t - a potion of invisibility {unknown}


   Skills:
 - Level 2.0 Fighting
 + Level 9.1 Ranged Weapons
 - Level 1.7 Dodging
 - Level 0.8 Stealth
 + Level 3.7 Invocations


You had 7 spell levels left.
You didn't know any spells.
Your spell library was empty.

Dungeon Overview and Level Annotations

Branches:
Dungeon (5/15)            Ossuary (1/1)
 Temple: D:4-7

Altars:
Ashenzari
Fedhas
Nemelex Xobeh
Okawaru


Innate Abilities, Weirdness & Mutations

You have hooves in place of feet.
Your demonic aura sometimes causes spilled blood to erupt in flames.
You regenerate magic rapidly.


Message History

The wraith barely misses you. The wraith misses you.
You shoot a sling bullet.
The sling bullet hits the wraith but does no damage.
The wraith is heavily damaged.
The wraith hits you. The wraith hits you!
* * * LOW HITPOINT WARNING * * *
The wraith drains your vigour!
You feel as though you will be slow longer.
You shoot a sling bullet.
The sling bullet hits the wraith but does no damage.
The wraith is heavily damaged.
The wraith hits you.
* * * LOW HITPOINT WARNING * * *
The wraith drains your vigour!
You feel as though you will be slow longer.
You shoot a sling bullet. The sling bullet hits the wraith.
The sling bullet burns the wraith.
The wraith is severely damaged.
The wraith hits you!
* * * LOW HITPOINT WARNING * * *
The wraith drains your vigour!
You feel as though you will be slow longer.
The wraith closely misses you.
Okay, then.
You feel better. The wraith hits you but does no damage.
You shoot a sling bullet.
The sling bullet barely misses the wraith.
The wraith hits you!
* * * LOW HITPOINT WARNING * * *
The wraith closely misses you.
You feel better. The wraith barely misses you. The wraith hits you!
* * * LOW HITPOINT WARNING * * *
The wraith drains your vigour!
You feel as though you will be slow longer.
You feel better. The wraith completely misses you.
You shoot a sling bullet. The sling bullet hits the wraith.
The sling bullet burns the wraith.
The wraith is severely damaged.
The wraith hits you!
You die...

###...# #...### #.....## !∩
##.....# #......# ?!
#......# #......## [!
##......# #.......## #.
##.......# #....8...####.
###...8....#
#...8#8....##.##....8#8...#
#....8......#W#......8....#
#...........#.@...........#
##..........#............##
##.........#...........##
##........#..........##
######'''############
#....∩# #....∩# #######


You could see a wraith.

Vanquished Creatures
  A water moccasin (D:5)
  An ogre (D:5)
  A phantom (D:5)
  3 scorpions
  5 centaur zombies (Ossuary)
  2 bullfrog zombies (Ossuary)
  2 jellies
  A gnoll bouda (D:5)
  An iguana (D:5)
  Jessica (D:2)
  Natasha (thrice) (D:4)
  An ogre zombie (Ossuary)
  3 gnolls (D:5)
  4 adders
  4 adder zombies (Ossuary)
  A dart slug (D:1)
  4 orcs
  7 bats
  10 endoplasms
  6 giant cockroaches
  13 goblins
  2 hobgoblins
  4 jackals (D:5)
  5 quokkas
  4 ball pythons
  5 frilled lizards
  4 gnoll zombies (Ossuary)
  3 goblin zombies (Ossuary)
  2 hobgoblin zombies (Ossuary)
  8 kobolds
  4 orc zombies (Ossuary)
  3 rats
118 creatures vanquished.

Notes
Turn   | Place    | Note
-------+----------+-------------------------------------------
     0 | D:1      | theswoord the Demonspawn Hunter began the quest for the
                  | Orb.
     0 | D:1      | Reached XP level 1. HP: 16/16 MP: 1/1
    85 | D:1      | Reached skill level 4 in Ranged Weapons
   141 | D:1      | Gained mutation: You have large cloven feet. [demonic
                  | ancestry]
   141 | D:1      | Reached XP level 2. HP: 22/22 MP: 2/2
   720 | D:2      | Gained mutation: You have hoof-like feet. [demonic
                  | ancestry]
   720 | D:2      | Reached XP level 3. HP: 16/27 MP: 3/3
  1364 | D:2      | Reached skill level 5 in Ranged Weapons
  1466 | D:2      | Noticed Jessica
  1472 | D:2      | Killed Jessica
  1473 | D:2      | Gained mutation: You have hooves in place of feet. [demonic
                  | ancestry]
  1473 | D:2      | Reached XP level 4. HP: 20/33 MP: 4/4
  1865 | D:3      | Found a broken altar of Ashenzari.
  2001 | D:3      | Found a blossoming altar of Fedhas.
  2479 | D:4      | Gained mutation: Your demonic aura sometimes causes spilled
                  | blood to erupt in flames. [demonic ancestry]
  2479 | D:4      | Reached XP level 5. HP: 38/38 MP: 5/5
  2795 | D:4      | Found a sparkling altar of Nemelex Xobeh.
  2805 | D:4      | Noticed Natasha
  2815 | D:4      | Killed Natasha
  2816 | D:4      | Reached skill level 6 in Ranged Weapons
  2863 | D:4      | Noticed Natasha
  2867 | D:4      | Killed Natasha
  3329 | D:4      | Noticed Natasha
  3334 | D:4      | Killed Natasha
  3537 | D:5      | Entered Level 5 of the Dungeon
  3546 | D:5      | Reached XP level 6. HP: 44/44 MP: 6/6
  3557 | D:5      | Reached skill level 7 in Ranged Weapons
  3688 | D:5      | Found an iron altar of Okawaru.
  3755 | D:5      | Became a worshipper of Warmaster Okawaru
  3800 | D:5      | Noticed a water moccasin
  3806 | D:5      | Killed a water moccasin
  3806 | D:5      | Reached * piety under Okawaru
  3807 | D:5      | Reached skill level 8 in Ranged Weapons
  3807 | D:5      | Gained mutation: You regenerate magic rapidly. [demonic
                  | ancestry]
  3807 | D:5      | Reached XP level 7. HP: 40/50 MP: 7/7
  3834 | D:5      | Found a sand-covered staircase.
  3843 | Ossuary  | Entered an ossuary
  4032 | Ossuary  | Reached skill level 1 in Invocations
  4315 | Ossuary  | Reached skill level 9 in Ranged Weapons
  4315 | Ossuary  | Reached XP level 8. HP: 50/56 MP: 10/10
  4393 | Ossuary  | Slain by a wraith

Skill      XL: |  1  2  3  4  5  6  7 |
---------------+----------------------+-----
Ranged Weapons | 4 5 6 8 9 |  9.1
Invocations    | 3 |  3.7
Fighting       | |  2.0
Dodging        | |  1.7
Stealth        | |  0.8

Action                   |  1- 3 |  4- 6 |  7- 9 || total
-------------------------+-------+-------+-------++-------
Melee: Dagger            |     7 |     2 |    10 ||    19
       Kick              |     1 |     2 |     1 ||     4
 Fire: Shortbow          |    52 |       |       ||    52
       Sling             |    28 |   153 |   133 ||   314
Invok: Heroism           |       |       |     1 ||     1
  Use: Scroll            |       |    15 |       ||    15
       Potion            |       |     1 |     4 ||     5
Armor: Leather armour    |    17 |     8 |       ||    25
       Ring mail         |       |     8 |    46 ||    54
Dodge: Dodged            |    34 |    33 |    69 ||   136

Levels and vault maps discovered:
D:1:      heliophobic_arrival_henge, layout_loops_ring, minmay_box_of_dots
D:2:      layout_loops_cross, uniq_jessica
D:3:      layout_loops_ring, fedhas_altar_fruit_tree, general_overflow_altar,
          kennysheep_nub
D:4:      layout_basic, overflow_temple_1_default, uniq_natasha
D:5:      layout_basic, kennysheep_okawaru_gauntlet,
          chequers_ossuary_entry_cave, gup_sewer_entry_pipe
Ossuary:  ossuary_hellmonk_silent_tomb
